 Dungeon Crawl Stone Soup version 0.28.0-43-g3370ac3207 (webtiles) character file.

Game seed: 14666438594249656871

1 Descartes the Skirmisher (level 1, -3/12 HPs)
             Began as a Felid Wanderer on Mar 25, 2022.
             Frozen to death by an endoplasm (4 damage)
             ... on level 1 of the Dungeon.
             The game lasted 00:00:53 (74 turns).

Descartes the Skirmisher (Felid Wanderer)             Turns: 74, Time: 00:00:53

Health: -3/12      AC:  1    Str:  9    XL:     1   Next: 16%
Magic:  3/3        EV: 15    Int: 14    God:
Gold:   0          SH:  0    Dex: 13    Spells: 1/2 levels left
                                        Lives:  0   Deaths: 0

rFire   . . .      SeeInvis +   (weapon unavailable)
rCold   . . .      Faith    .   (shield unavailable)
rNeg    . . .      Spirit   .   (armour unavailable)
rPois   .          Reflect  .   (helmet unavailable)
rElec   .          Harm     .   (cloak unavailable)
rCorr   .          Rampage  .   (gloves unavailable)
Will    .....                   (boots unavailable)
Stlth   +.........              (no amulet)
HPRegen 0.04/turn               (no ring)
MPRegen 0.08/turn               (no ring)

@: quick
A: very small, claws 1, fangs 3, see invisible, speed 1, shaggy fur 1, stealthy
paws, no weapons or thrown items, no armour, multi-lived
a: no special abilities


You were on level 1 of the Dungeon.
You visited 1 branch of the dungeon, and saw 1 of its levels.

Inventory:

Scrolls
 b - a scroll of teleportation
Potions
 a - a potion of curing


   Skills:
 - Level 5.0 Fighting
 + Level 0.1 Dodging
 + Level 0.1 Stealth
 + Level 0.0 Unarmed Combat
 - Level 1.0 Spellcasting
 + Level 0.0 Transmutations
 + Level 2.7 Ice Magic
 - Level 1.1 Evocations


You had one spell level left.
You knew the following spells:

 Your Spells              Type           Power      Damage    Failure   Level
a - Freeze                Ice            32%        1d5       9%          1

Your spell library contained the following spells:

 Spells                   Type           Power      Damage    Failure   Level
 Ozocubu's Armour         Ice            8%         N/A       26%         3
 Ice Form                 Ice/Tmut       4%         N/A       83%         4


Dungeon Overview and Level Annotations

Branches:
Dungeon (1/15)

Altars:


Innate Abilities, Weirdness & Mutations

You have sharp claws.
You have razor-sharp teeth.
You have supernaturally acute eyesight. (SInv)
You cover ground quickly. (Speed+)
You are covered in fur. (AC +1)
Your paws help you pounce on unaware monsters.
You are incapable of wielding weapons or throwing items.
You cannot wear armour.
You gain extra lives every three experience levels.


Message History

The quokka closely misses you.
You scratch the quokka but do no damage.
The quokka is almost dead.
The quokka bites you.
You closely miss the quokka.
The quokka is almost dead.
The quokka bites you but does no damage.
You closely miss the quokka. You bite the quokka.
You kill the quokka!
An endoplasm comes into view.
The endoplasm quivers.
You see here a quokka corpse.
An endoplasm is nearby!
There is a fountain of clear blue water here.
An endoplasm is nearby!
An endoplasm is nearby!
You are too injured to fight recklessly!
You are too injured to fight recklessly!
You are too injured to fight recklessly!
You are too injured to fight recklessly!
You are too injured to fight recklessly!
You are too injured to fight recklessly!
You are too injured to fight recklessly!
You are too injured to fight recklessly!
You are too injured to fight recklessly!
You are too injured to fight recklessly!
You are too injured to fight recklessly!
You are too injured to fight recklessly!
The endoplasm barely misses you.
You scratch the endoplasm but do no damage.
The endoplasm freezes you.
You are frozen.
* * * LOW HITPOINT WARNING * * *
You scratch the endoplasm but do no damage.
The endoplasm closely misses you.
You scratch the endoplasm.
The endoplasm is lightly wounded.
The endoplasm freezes you.
You are frozen.
You die...

#####.######
#...†...J...
#.########## #J# #.#
#.# #.#
##########.##########
##......@............##
#.......J..⌠..........#
#...(..⌠.......⌠......#
##.....[.............##
##..⌠...⌠...⌠...⌠..##
##...............##
##.⌠....⌠....⌠.##
##...........##
##..⌠...⌠..##


You could see an endoplasm.

Vanquished Creatures
  A quokka (D:1)
1 creature vanquished.

Notes
Turn   | Place    | Note
-------+----------+-------------------------------------------
     0 | D:1      | Descartes the Felid Wanderer began the quest for the Orb.
     0 | D:1      | Descartes set off with the following items: a potion of
                  | curing, a scroll of teleportation; and the following spell
                  | memorised: Freeze; and the following spells available to
                  | memorise: Ozocubu's Armour, Ice Form
     0 | D:1      | Reached XP level 1. HP: 12/12 MP: 3/3
    74 | D:1      | Frozen to death by an endoplasm

Illustrated notes

Levels and vault maps discovered:
D:1:      dpeg_arrival_lava_temple_mockup, layout_basic

Action                   || total
-------------------------++-------
Melee: Unarmed           ||    11
       Bite              ||     2
Armor: Skin              ||     1
Dodge: Dodged            ||     8
